 Dungeon Sprint DCSS version 0.18-a0-1577-gf591c28 (webtiles) character file.

5584 pipel the Executioner (level 10, -6/88 HPs)
             Began as a Deep Dwarf Berserker on Mar 19, 2016.
             Was a High Priest of Trog.
             Killed from afar by Ilsuiw (31 damage)
             ... with a shard of ice
             ... in the Dungeon (Sprint VII: "The Pits").
             The game lasted 00:09:22 (513 turns).

pipel the Executioner (Deep Dwarf Berserker)         Turns: 513, Time: 00:09:22

Health: -6/88      AC: 17    Str: 24    XL:     10   Next: 45%
Magic:  10/10      EV:  8    Int:  8    God:    Trog [*****.]
Gold:   0          SH:  0    Dex: 12    Spells: 0 memorised, 9 levels left

rFire  . . .     SeeInvis .     D - +4 battleaxe (chop)
rCold  . . .     Gourm    .     A - +3 plate armour
rNeg   . . .     Faith    .     (shield currently unavailable)
rPois  .         Spirit   .     (no helmet)
rElec  .         Dismiss  .     C - +0 cloak
rCorr  .         Reflect  .     B - +0 pair of gloves
SustAt .         Harm     .     (no boots)
MR     +....     NoTele   +     (no amulet)
Stlth  ..........               (no ring)
                                (no ring)

@: exhausted, very slightly contaminated, non-regenerating, somewhat resistant
to hostile enchantments, extremely unstealthy
A: damage resistance, recharge devices, sense surroundings 2, slow regeneration
3
a: Device Recharging, Berserk, Trog's Hand, Brothers in Arms, Burn Spellbooks,
Renounce Religion


You were in the Dungeon.
You worshipped Trog.
Trog was extremely pleased with you.
You were near starving.

You visited 1 branch

Inventory:

Hand Weapons
 a - a +1 broad axe of chopping
 k - a +0 hand axe
 t - a +1 flail of crushing
 y - a +2 hand axe
 z - the +7 Spriggan's Knife {MR+ EV+4 Dex+4 Stlth+}
   (You found it in the Dungeon)

   It affects your evasion (+4).
   It affects your dexterity (+4).
   It affects your resistance to hostile enchantments.
   It makes you more stealthy.
 D - a +4 battleaxe of chopping (weapon)
Missiles
 o - 8 stones (quivered)
Armour
 b - a +0 animal skin
 s - a +2 plate armour
 A - a +3 plate armour (worn)
 B - a +0 pair of gloves (worn)
 C - a +0 cloak (worn)
Magical Staves
 p - an uncursed staff of energy
Jewellery
 u - a +3 ring of intelligence
 x - a +3 ring of strength
Wands
 c - a wand of heal wounds (0/9)
Scrolls
 q - 3 scrolls of remove curse
 r - a scroll of summoning
Potions
 e - 8 potions of curing
 f - 12 potions of heal wounds
 g - a potion of haste
 h - 4 potions of magic
 i - 5 potions of berserk rage
 n - a potion of invisibility
 v - 2 potions of brilliance
 w - a potion of might
Comestibles
 d - 7 bread rations
 l - 39 fruits
 m - 7 meat rations


   Skills:
 - Level 5.3 Fighting
 + Level 23.2 Axes
 - Level 0.5 Throwing
 - Level 3.7 Armour
 - Level 5.0 Dodging
 - Level 0.6 Stealth


You had 9 spell levels left.
You didn't know any spells.

Dungeon Overview and Level Annotations

Branches:
Dungeon (1/1)

Altars:

Annotations:
D Ilsuiw


Innate Abilities, Weirdness & Mutations

You are resistant to damage.
You can recharge devices by infusing magical energy.
You passively map the area around you.
You do not regenerate naturally.


Message History

A scorpion comes into view.
The hill giant shouts!
You flicker for a moment.
You hear some strange, mumbled words.
A shard of ice appears from out of thin air!
The shard of ice hits the merfolk javelineer.
The merfolk javelineer shouts!
A wraith comes into view.
You feel yourself speed up.
You miss the merfolk javelineer.
The merfolk javelineer is almost dead.
You hear some strange, mumbled words.
A shard of ice appears from out of thin air!
The shard of ice hits the merfolk javelineer.
The merfolk javelineer dies!
You flicker back into view.
You hear some strange, mumbled words.
A shard of ice appears from out of thin air!
The shard of ice hits you!
You die...

..#..#......# ,, ,
............++, * * *
............++ ** ** ,, , *
..#..#......# , ,,, , , *
............# , , , ,, ,
#####''#####* * * * ...##''#
######## ##### * * ...##..#
#......###...## +,, ...##..# *
#'#.@.......## ,, , ...##..#
,##.##.....#m..#
...##..#*,##...##...###.m# ,
...##..####.....##.##.##.##* ,,
...##...##)..†..#)..#(#...#...
#####...))).....(...'.{...s....,
#####...##.....(#)..#.#...#....,
...##..####.....##)##.##.###....
.[.##..# ##.).##)D.###..#, #W..


You could see a siren.

Vanquished Creatures
  A greater naga (D)
  Erolcha (D)
  A siren (D)
  Psyche (D)
  A freezing wraith (D)
  An ice devil (D)
  A wyvern (D)
  A wraith (D)
  A fire bat (D)
  A warg (D)
  A porcupine (D)
  An orc warrior (D)
  A necrophage (D)
  A phantom (D)
  A jelly (D)
  A gnoll shaman (D)
  An orc wizard (D)
  6 gnolls (D)
  An adder (D)
  A white imp (D)
  An ufetubus (D)
  An ooze (D)
  A giant gecko (D)
  An orc (D)
  A ball python (D)
  A bat (D)
  A bat zombie (D)
  2 goblins (D)
  A hobgoblin (D)
  A quokka (D)
  A ball python skeleton (D)
  A giant newt (D)
  A rat (D)
39 creatures vanquished.

Vanquished Creatures (collateral kills)
  A hydra (D)
  An orc high priest (D)
  A giant leech (D)
  A hungry ghost (D)
  A warg (D)
  An orc warrior (D)
  A phantom (D)
  A wasp (D)
  A necrophage (D)
  A hound (D)
  A jelly (D)
  An orc wizard (D)
  A small abomination (D)
  A giant gecko (D)
  2 orcs (D)
16 creatures vanquished.

Vanquished Creatures (others)
  A merfolk javelineer (D)
  A troll (D)
  An orc warrior (D)
3 creatures vanquished.

Grand Total: 58 creatures vanquished

Notes
Turn   | Place    | Note
--------------------------------------------------------------
     0 | D        | pipel the Deep Dwarf Berserker began the quest for the Orb.
     0 | D        | Reached XP level 1. HP: 20/20 MP: 1/1
    25 | D        | Reached skill level 4 in Axes
    25 | D        | Reached XP level 2. HP: 28/28 MP: 2/2
    80 | D        | Reached ** piety under Trog
    81 | D        | Noticed a necrophage
    87 | D        | Killed a necrophage
    87 | D        | Reached skill level 5 in Fighting
    87 | D        | Reached skill level 7 in Axes
    87 | D        | Reached XP level 3. HP: 39/39 MP: 3/3
    87 | D        | Reached XP level 4. HP: 46/46 MP: 4/4
    90 | D        | Reached skill level 5 in Dodging
    93 | D        | Reached *** piety under Trog
   107 | D        | Noticed a four-headed hydra
   141 | D        | Noticed a phantom
   145 | D        | Reached **** piety under Trog
   153 | D        | Killed a phantom
   153 | D        | Reached skill level 10 in Axes
   153 | D        | Reached XP level 5. HP: 52/52 MP: 5/5
   185 | D        | Noticed a fire bat
   214 | D        | Killed a four-headed hydra
   214 | D        | Reached skill level 14 in Axes
   214 | D        | Reached XP level 6. HP: 25/61 MP: 6/6
   214 | D        | Reached XP level 7. HP: 27/67 MP: 7/7
   233 | D        | Reached ***** piety under Trog
   236 | D        | Noticed an ice devil
   236 | D        | Noticed a freezing wraith
   249 | D        | Killed a freezing wraith
   249 | D        | Reached skill level 16 in Axes
   255 | D        | Killed an ice devil
   255 | D        | Reached XP level 8. HP: 34/74 MP: 8/8
   358 | D        | Reached skill level 17 in Axes
   384 | D        | Noticed Erolcha
   384 | D        | Noticed Psyche
   389 | D        | Reached skill level 18 in Axes
   403 | D        | Killed Psyche
   410 | D        | Received a gift from Trog
   422 | D        | Reached skill level 19 in Axes
   426 | D        | Killed Erolcha
   426 | D        | Received a gift from Trog
   426 | D        | Reached skill level 20 in Axes
   426 | D        | Gained mutation: You passively map the area around you. [Deep Dwarf growth]
   426 | D        | Reached XP level 9. HP: 53/81 MP: 9/9
   429 | D        | Noticed a giant leech
   440 | D        | Killed a giant leech
   445 | D        | Noticed a troll
   445 | D        | Noticed a siren
   446 | D        | Noticed Ilsuiw
   446 | D        | Noticed a merfolk javelineer
   446 | D        | Noticed a siren
   455 | D        | Noticed a greater naga
   455 | D        | Reached skill level 21 in Axes
   461 | D        | Received a gift from Trog
   466 | D        | Noticed a kobold demonologist
   466 | D        | Noticed an orc high priest
   469 | D        | Noticed a soul eater
   474 | D        | Noticed a sun demon
   480 | D        | Killed a siren
   480 | D        | Received a gift from Trog
   481 | D        | Killed an orc high priest
   481 | D        | Reached skill level 22 in Axes
   481 | D        | Reached XP level 10. HP: 56/88 MP: 10/10
   487 | D        | Killed a greater naga
   487 | D        | Reached skill level 23 in Axes
   504 | D        | Noticed a hill giant
   508 | D        | Killed a merfolk javelineer
   513 | D        | Killed from afar by Ilsuiw

Vault maps used:
D:        pitsprint

Skill      XL: |  1  2  3  4  5  6  7  8  9 10 |
---------------+-------------------------------+-----
Fighting       | 3 5 |  5.3
Axes           | 4 7 10 14 16 20 22 23 | 23.2
Armour         | 3 |  3.7
Dodging        | 4 5 |  5.0
Throwing       | |  0.5
Stealth        | |  0.6

Action                   |  1- 3 |  4- 6 |  7- 9 | 10-12 || total
-------------------------+-------+-------+-------+-------++-------
Melee: Hand axe          |     8 |    22 |    24 |       ||    54
       Flail             |       |     1 |       |       ||     1
       Broad axe         |       |       |    43 |       ||    43
       Battleaxe         |       |       |    26 |    12 ||    38
Throw: Stone             |     3 |       |     1 |       ||     4
Invok: Berserk           |     2 |     1 |     3 |       ||     6
       Trog's Hand       |     1 |       |     5 |       ||     6
       Brothers in Arms  |       |     1 |     3 |       ||     4
Evoke: Wand              |       |       |     2 |     3 ||     5
  Use: Scroll            |       |       |       |     1 ||     1
       Potion            |       |       |       |     1 ||     1
 Stab: Sleeping          |       |     1 |       |       ||     1
  Eat: Bread ration      |       |     1 |       |       ||     1
       Fruit             |       |       |     1 |       ||     1
